Map: Dusk Towers

Players

State

  • Race: Protoss Protoss
  • League: Grandmaster

llllllllllll - Winner!

  • Race: Zerg Zerg
  • League: Grandmaster

VOD

Have the link to the VOD?

Description

Time

  • Played on: Nov. 25, 2015, 2:19 a.m.
  • Length: 8:29
Show
View Real Time Build Order
Export as new Build Order

State Protoss 

Build Orders: Nexus First 

Get SALT Encoding   

  12  0:01  Probe (Chrono Boost)  
  13  0:11  Probe (Chrono Boost)  
  14  0:18  Pylon  
  14  0:22  Probe (Chrono Boost)  
  15  0:36  Probe (Chrono Boost)  
  16  0:47  Probe (Chrono Boost)  
  17  1:04  Nexus  
  17  1:06  Probe (Chrono Boost)  
  18  1:13  Pylon  
  18  1:16  Probe (Chrono Boost)  
  19  1:27  Gateway  
  19  1:29  Probe (Chrono Boost)  
  20  1:35  Assimilator  
  20  1:40  Pylon  
  20  1:41  Probe (Chrono Boost)  
  21  1:48  Assimilator  
  21  1:52  Probe (Chrono Boost)  
  22  1:56  Gateway  
  22  2:02  Probe (Chrono Boost)  
  23  2:13  Probe (Chrono Boost)  
  23  2:14  Cybernetics Core  
  24  2:23  Probe (Chrono Boost)  
  24  2:26  Probe (Chrono Boost)  
  26  2:34  Probe (Chrono Boost)  
  26  2:36  Probe (Chrono Boost)  
  28  2:44  Probe (Chrono Boost)  
  28  2:47  Probe (Chrono Boost)  
  28  2:48  Pylon  
  30  2:52  Adept x2 (Chrono Boost)  
  30  2:53  Warp Gate  
  30  2:55  Probe  
  30  2:58  Probe  
  36  3:08  Pylon  
  36  3:12  Probe  
  37  3:13  Probe  
  37  3:14  Stargate  
  40  3:20  Stalker (Chrono Boost)  
  40  3:21  Stalker (Chrono Boost)  
  40  3:26  Probe  
  44  3:29  Pylon  
  44  3:34  Mothership Core  
  45  3:38  Probe  
  45  3:50  Probe (Chrono Boost)  
  45  3:55  Probe (Chrono Boost)  
  47  4:01  Assimilator  
  47  4:02  Probe (Chrono Boost), Assimilator  
  48  4:04  Pylon  
  48  4:06  Probe (Chrono Boost)  
  45  4:10  Adept x2 (Chrono Boost)  
  45  4:13  Probe  
  45  4:16  Forge  
  50  4:17  Twilight Council, Probe (Chrono Boost)  
  50  4:19  Pylon  
  51  4:25  Probe (Chrono Boost), Pylon  
  51  4:29  Probe (Chrono Boost)  
  53  4:36  Probe (Chrono Boost)  
  54  4:40  Probe (Chrono Boost)  
  55  4:47  Probe (Chrono Boost)  
  55  4:50  Protoss Ground Weapons Level 1 (Chrono Boost)  
  55  4:51  Probe (Chrono Boost)  
  57  4:53  Robotics Facility  
  57  4:57  Probe (Chrono Boost)  
  57  4:58  Blink  
  58  5:01  Gateway x2  
  58  5:04  Sentry x2  
  62  5:11  Probe x2 (Chrono Boost)  
  64  5:24  Pylon x2  
  64  5:30  Sentry x2  
  66  5:38  Probe x2  
  66  5:42  Nexus  
  68  5:45  Pylon  
  68  5:46  Pylon, Warp Prism (Chrono Boost)  
  70  5:57  Sentry, Stalker  
  70  5:58  Probe x2  
  76  6:10  Probe x2  
  78  6:11  Gateway  
  78  6:13  Gateway  
  78  6:14  Gateway  
  78  6:15  Gateway  
  78  6:19  Photon Cannon  
  78  6:21  Sentry x2  
  78  6:24  Stalker  
  84  6:27  Stalker  
  84  6:31  Probe x2  
  88  6:37  Gateway  
  88  6:39  Gateway  
  88  6:43  Probe  
  89  6:53  Probe  
  90  6:54  Stalker x2, Probe  
  90  6:55  Probe  
  96  7:05  Probe  
  96  7:08  Probe  
  99  7:10  Probe  
  99  7:11  Assimilator  
  99  7:13  Assimilator  
  99  7:16  Robotics Bay, Robotics Facility  
  99  7:17  Probe  
  99  7:20  Probe  
  101  7:27  Stalker x4  
  101  7:28  Probe  
  109  7:30  Probe  
  100  7:45  Stalker x4  
  100  7:47  Stalker  
  100  8:00  Stalker x4  
  102  8:09  Probe x2  
Show
View Real Time Build Order
Export as new Build Order

llllllllllll Zerg - Winner!

Build Orders: Hatch First 

Get SALT Encoding   

  12  0:00  Drone  
  13  0:13  Overlord  
  13  0:18  Drone  
  14  0:32  Drone x2  
  16  0:35  Drone  
  17  0:54  Hatchery  
  17  0:55  Drone  
  17  0:58  Drone  
  18  1:19  Drone  
  18  1:21  Spawning Pool  
  18  1:37  Drone  
  18  1:38  Drone  
  20  1:43  Overlord  
  20  2:04  Drone x2  
  20  2:05  Drone  
  23  2:09  Hatchery, Queen  
  24  2:15  Queen  
  24  2:18  Zergling x2  
  27  2:23  Drone  
  27  2:25  Drone  
  29  2:33  Overlord  
  29  2:34  Drone  
  30  2:38  Drone  
  31  2:44  Drone  
  32  2:51  Queen  
  32  2:53  Drone  
  35  2:59  Drone  
  35  3:00  Drone  
  35  3:01  Extractor x2  
  36  3:05  Drone  
  36  3:10  Drone  
  37  3:16  Overlord  
  37  3:18  Zergling x4  
  39  3:20  Queen  
  39  3:22  Zergling x2  
  39  3:23  Zergling x6  
  39  3:25  Drone  
  46  3:29  Drone  
  47  3:39  Drone x3  
  50  3:44  Drone x2  
  50  3:47  Drone x2  
  53  3:50  Drone  
  53  3:54  Drone x3  
  57  3:55  Metabolic Boost  
  57  3:58  Overlord  
  57  3:59  Overlord  
  56  4:05  Overlord  
  56  4:07  Spore Crawler  
  56  4:09  Spore Crawler  
  53  4:14  Spore Crawler  
  53  4:16  Lair  
  52  4:17  Drone  
  52  4:19  Drone x2  
  52  4:21  Drone  
  52  4:23  Drone  
  57  4:25  Drone  
  57  4:26  Drone  
  59  4:33  Drone  
  59  4:34  Drone  
  59  4:37  Overlord  
  61  4:40  Drone  
  61  4:41  Drone x5  
  67  4:46  Overlord  
  67  4:47  Overlord  
  66  4:53  Extractor  
  66  4:56  Extractor  
  66  4:58  Overlord  
  66  4:59  Drone  
  64  5:00  Drone x5  
  69  5:07  Drone  
  69  5:08  Drone x2  
  69  5:11  Drone x2  
  69  5:12  Drone  
  75  5:19  Drone x3  
  75  5:21  Roach Warren  
  77  5:23  Evolution Chamber  
  77  5:24  Spire  
  77  5:26  Extractor  
  74  5:28  Extractor  
  74  5:29  Overlord  
  70  5:38  Zergling x14  
  76  5:43  Zergling x2  
  77  5:51  Overlord  
  77  5:53  Zerg Missile Weapons Level 1, Drone  
  77  5:54  Drone  
  79  6:05  Drone x3  
  79  6:10  Overlord x2  
  82  6:16  Hatchery  
  81  6:19  Glial Reconstitution  
  81  6:24  Overlord  
  81  6:28  Roach x5  
  91  6:38  Roach  
  91  6:39  Mutalisk x6, Roach x3  
  100  6:45  Mutalisk x2  
  100  6:46  Roach  
  116  6:47  Overlord  
  114  6:55  Roach  
  114  6:56  Roach x6  
  114  7:00  Ravager x3  
  130  7:02  Zergling x2  
  130  7:03  Zergling x2  
  130  7:08  Overlord  
  131  7:13  Overlord  
  131  7:14  Ravager x2  
  131  7:15  Ravager  
  134  7:18  Overlord  
  134  7:21  Ravager  
  131  7:31  Overlord  
  131  7:32  Roach x5  
  131  7:34  Roach x2  
  143  7:45  Roach x3  
  143  7:46  Roach x4  
  143  7:47  Roach  
  157  7:52  Roach  
  157  7:57  Roach  
  157  7:58  Roach x2  
  165  8:00  Roach  
  165  8:03  Roach  
  167  8:06  Roach x2  
Tags
 
Add a new tag
Caveats
  • Supply blocks, unpowered buildings, or Contaminate may cause inaccurate times.
  • Supply counts are checked every 10 seconds.